 Dungeon Crawl Stone Soup version 0.27-a0-1193-g8631133539 (webtiles) character file.

Game seed: 15703348278224905949

32 bande the Skirmisher (level 3, -4/24 HPs)
             Began as a Gargoyle Fighter on May 27, 2021.
             Slain by a gnoll
             ... wielding a +0 flail
              (8 damage)
             ... on level 2 of the Dungeon.
             The game lasted 00:02:20 (1452 turns).

bande the Skirmisher (Gargoyle Fighter)             Turns: 1452, Time: 00:02:20

Health: -4/24      AC: 10    Str: 19    XL:     3   Next: 25%
Magic:  3/3        EV:  7    Int:  8    God:
Gold:   46         SH:  9    Dex: 10    Spells: 2/2 levels left

rFire    . . .     SeeInvis .   a - +1 war axe
rCold    . . .     Faith    .   c - +0 kite shield
rNeg     + . .     Spirit   .   b - +0 scale mail
rPois    ∞         Reflect  .   (no helmet)
rElec    +         Harm     .   (no cloak)
rCorr    .         Rampage  .   (no gloves)
Will     .....                  (no boots)
Stlth    ..........             (no amulet)
HPRegen  0.08/turn              (no ring)
MPRegen  0.08/turn              (no ring)

@: brilliant
A: sickness immunity, AC +3, negative energy resistance 1, electricity
resistance, torment resistance 1, petrification resistance
a: no special abilities


You were on level 2 of the Dungeon.
You visited 1 branch of the dungeon, and saw 2 of its levels.

You collected 46 gold pieces.

Inventory:

Hand Weapons
 a - a +1 war axe (weapon)
Armour
 b - a +0 scale mail (worn)
 c - a +0 kite shield (worn)
Potions
 d - a potion of might
 f - a potion of resistance


   Skills:
 + Level 3.8 Fighting
 + Level 2.2 Axes
 + Level 3.4 Armour
 + Level 0.1 Dodging
 + Level 3.6 Shields


You had 2 spell levels left.
You didn't know any spells.
Your spell library contained the following spells:

 Spells                   Type           Power      Damage    Failure   Level
 Animate Skeleton         Necr           0%         N/A       99%         1
 Magic Dart               Conj           0%         1d3       99%         1
 Pain                     Necr           0%         1d4       99%         1
 Blink                    Tloc           N/A        N/A       100%        2
 Call Imp                 Summ           0%         N/A       100%        2
 Slow                     Hex            0%         N/A       100%        2
 Conjure Flame            Conj/Fire      0%         6-21      100%        3
 Mephitic Cloud           Conj/Pois/Air  0%         N/A       100%        3
 Vampiric Draining        Necr           0%         2d6       100%        3
 Animate Dead             Necr           0%         N/A       100%        4
 Agony                    Necr           0%         N/A       100%        5


Dungeon Overview and Level Annotations

Branches:
Dungeon (2/15)

Altars:
Xom

Shops:
D:1 [


Innate Abilities, Weirdness & Mutations

You are immune to sickness and miasma.
Your stone body is resilient. (AC +3)
You are immune to poison.
You resist negative energy. (rN+)
You are resistant to electric shocks. (rElec)
You are resistant to unholy torment.
You are immune to petrification.


Message History

You pick up a book of Necromancy and begin reading...
You add the spells Pain, Animate Skeleton, Vampiric Draining, Animate Dead and Agony to your library.
e - a cyan potion
Found a club. 2 gnolls come into view.
The gnoll shouts! x2; You hear a shout!
The gnoll moves out of view. x2
Found a stone staircase leading down.
A gnoll comes into view. It is wielding a +0 flail.
A gnoll comes into view. It is wielding a +0 spear.
The gnoll shouts! x2
The gnoll hits you with a +0 whip.
You closely miss the gnoll. The gnoll hits you with a +0 whip.
The gnoll barely misses you.
Your shield prevents you from hitting the gnoll.
The gnoll hits you with a +0 whip. The gnoll hits you but does no damage.
You block the gnoll's attack.
You slash the gnoll!
The gnoll is heavily wounded.
You block the gnoll's attack.
The gnoll hits you from afar with a +0 spear.
You are too injured to fight recklessly!
You are too injured to fight recklessly!
You are too injured to fight recklessly!
You are too injured to fight recklessly!
You are too injured to fight recklessly!
You are too injured to fight recklessly!
You are too injured to fight recklessly!
You are too injured to fight recklessly!
Unknown command.
The gnoll closely misses you.
The gnoll hits you from afar with a +0 halberd!
* * * LOW HITPOINT WARNING * * *
It was a potion of brilliance.
You feel clever all of a sudden. The gnoll closely misses you.
You block the gnoll's attack.
Unknown command.
There is a stone staircase leading down here.
The gnoll hits you but does no damage. The gnoll hits you with a +0 flail!
You die...

.,,* ###....#............#.####..
.),* #....#..............#.# #..
,♣.♣##.......##[...........## #..
*#.....####.####............###..
*#.##....##.# #..........#..####
......##..#.# #...........#.####
...######...####.........#.......
..,*****#...ggg.###......##..####
.,,*#......####g@.......(........
****#......# ####.......####..#.
**,,#......#***,,,.......,,,##...
,,,.........,,,,**,,....,,,,*##..
,*♣P.......##*,,,**,,...,,,,* ###
,,♣.P......# **,,**,,,..,,,,*
,*♣♣.......# *,,,**,,,,.,,,,*
,*,,,,,,,,,* **,***,,,,,,,,,*
,,,,,,****** *** *,,,,,,,,,*


You could see 4 gnolls.

Vanquished Creatures
  2 bats (D:1)
  4 endoplasms (D:1)
  A giant cockroach (D:2)
  2 goblins (D:1)
  3 hobgoblins
  3 quokkas
  3 ball pythons
  A frilled lizard (D:1)
  8 kobolds
  3 rats (D:1)
30 creatures vanquished.

Vanquished Creatures (others)
  9 plants (D:1)
9 creatures vanquished.

Grand Total: 39 creatures vanquished

Notes
Turn   | Place    | Note
-------+----------+-------------------------------------------
     0 | D:1      | bande the Gargoyle Fighter began the quest for the Orb.
     0 | D:1      | Reached XP level 1. HP: 14/14 MP: 1/1
    81 | D:1      | Reached XP level 2. HP: 19/19 MP: 2/2
   285 | D:1      | Found a faded altar of an unknown god.
   507 | D:1      | Found Viod's Armour Shoppe.
   738 | D:1      | You fall into a shaft and drop 1 floor!
   743 | D:2      | Reached XP level 3. HP: 24/24 MP: 3/3
  1265 | D:2      | Found a shimmering altar of Xom.
  1452 | D:2      | Slain by a gnoll

Illustrated notes

Levels and vault maps discovered:
D:1:      psy_arrival_conway, layout_loops_ring, serial_shops,
          nicolae_shop_window_shopping, ebering_ecumenical_altar_mist,
          st_stairs_10, minmay_misc_feat_enclosed
D:2:      layout_rooms, serial_forest, infiniplex_forest_end_2,
          infiniplex_forest_zigzag_1, infiniplex_forest_clump_C,
          infiniplex_forest_clump_tiny, infiniplex_forest_clump_double,
          infiniplex_forest_lined_2, infiniplex_forest_lined_room_,
          infiniplex_forest_end_double, basic_altar

Skill      XL: |  1  2 |
---------------+-------+-----
Axes           | 2 |  2.2
Fighting       | |  3.8
Armour         | |  3.4
Dodging        | |  0.1
Shields        | |  3.6

Action                   || total
-------------------------++-------
Melee: War axe           ||    85
  Use: Scroll            ||     4
       Potion            ||     1
Armor: Scale mail        ||    54
Dodge: Dodged            ||    25
Block: Kite shield       ||    47

Table legend: (Time is in decaauts)
 A = Elapsed time spent in this place.
 B = Non-inter-level travel time spent in this place.
 C = Inter-level travel time spent in this place.
 D = Time resting spent in this place.
 E = Time spent auto-exploring this place.
 F = Levels seen in this place.
 G = Mean time per level.
                   A        B        C        D        E       F      G
               +--------+--------+--------+--------+--------+-----+--------+
         Total |   1507 |   1431 |     76 |      0 |   1171 |   2 |  753.5 |
       Dungeon |   1507 |   1431 |     76 |      0 |   1171 |   2 |  753.5 |
               +--------+--------+--------+--------+--------+-----+--------+

Top non-repeatable levels by time:
     D:1: 1182 daAuts
     D:2: 325 daAuts
